[Event "Team 45 45 League T69"]
[Site "Internet Chess Club"]
[Date "2016.06.24"]
[Round "3"]
[White "Freitac"]
[Black "deancorso1"]
[Result "0-1"]
[WhiteElo "1965"]
[BlackElo "1921"]
[Opening "Grünfeld: Grünfeld gambit"]
[ECO "D83"]
[Time "19:19:50"]
[TimeControl "2700+45"]

1. d4 Nf6 2. c4 g6 3. Nc3 d5 4. Bf4 Bg7 5. e3 O-O 6. Qb3 dxc4 7. Bxc4 Nc6 8. Be2
Na5 9. Qa4 b6 10. b4 Bd7 11. Bb5 c6 12. Ba6 c5 13. Bb5 Bxb5 14. Nxb5 cxb4 15.
Qxb4 Nd5 16. Qd2 Nxf4 17. exf4 a6 18. Nc3 Nc4 19. Qd3 Qxd4 20. Qxd4 Bxd4 21. Rc1
Rac8 22. Nge2 Rfd8 23. O-O b5 24. Rfd1 e5 25. fxe5 Bxe5 26. Rd5 Bxc3 27. Nxc3
Nb6 28. Rxd8+ Rxd8 29. Ne4 f5 30. Ng5 Nc4 31. Kf1 h6 32. Nf3 Kf7 33. a4 Kf6 34.
axb5 axb5 35. Rb1 Rd5 36. Ke2 g5 37. Ra1 g4 38. Nh4 Kg5 39. g3 f4 40. Ra8 f3+
41. Ke1 Ne5 42. Rf8 Nd3+ 43. Kd2 Nxf2+ 44. Kc3 h5 45. Nxf3+ gxf3 46. Rxf3 Ng4
47. h3 Ne5 48. Re3 h4 49. gxh4+ Kxh4 50. Kb3 Ng6 51. Kb4 Nf4 52. Rb3 Nd3+ 53.
Ka5 b4+ 54. Kb6 Kxh3 55. Kc6 Rc5+ 56. Kb6 Rc3 57. Rb1 Kg3 58. Kb5 Kf3 59. Ka4
Ke2 60. Rh1 b3 61. Rh2+ Kd1 62. Ka3 b2+ 63. Ka2 Ra3+ 64. Kxa3 b1=Q {White
resigns} 0-1

[Event "Team 45 45 League T69"]
[Site "Internet Chess Club"]
[Date "2016.06.25"]
[Round "3"]
[White "drbishop"]
[Black "santiagoelawad"]
[Result "1/2-1/2"]
[WhiteElo "1799"]
[BlackElo "1971"]
[Opening "Benoni: 6.e4"]
[ECO "A65"]
[Time "10:37:53"]
[TimeControl "2700+45"]

1. d4 Nf6 2. c4 c5 3. d5 e6 4. Nc3 exd5 5. cxd5 d6 6. e4 g6 7. Bb5+ Nfd7 8. a4
Bg7 9. Nf3 a6 10. Bd3 O-O 11. O-O Ne5 12. Nxe5 Bxe5 13. Bh6 Re8 14. f4 Bd4+ 15.
Kh1 Nd7 16. Qc2 Rb8 17. Ne2 Bh8 18. Rae1 b5 19. axb5 axb5 20. Ng3 c4 21. Be2 Nc5
22. Bg5 Qa5 23. f5 Qb4 24. fxg6 hxg6 25. Rb1 Be5 26. Bf4 Ra8 27. Bxe5 Rxe5 28.
Rf6 Nb3 29. Rbf1 Ra7 30. Qc3 Qc5 31. Bd1 Nd4 32. Qe3 Rae7 33. Qh6 Nf5 34. exf5
Bxf5 35. Nxf5 Rxf5 36. R6xf5 gxf5 37. Qg5+ Kf8 38. Qxf5 Qd4 39. Bh5 Qe5 40. Qc8+
Kg7 41. Qg4+ Kf8 42. Qc8+ Kg7 {Game drawn by mutual agreement} 1/2-1/2

[Event "Team 45 45 League T69"]
[Site "Internet Chess Club"]
[Date "2016.06.26"]
[Round "3"]
[White "Portola"]
[Black "roji"]
[Result "1/2-1/2"]
[WhiteElo "1854"]
[BlackElo "1846"]
[Opening "Queen's pawn game"]
[ECO "D00"]
[Time "09:04:25"]
[TimeControl "2700+45"]

1. d4 d5 2. c3 Nf6 3. Nf3 c5 4. e3 Nc6 5. Be2 cxd4 6. exd4 Bf5 7. Bg5 h6 8. Bh4
g5 9. Bg3 Ne4 10. Be5 f6 11. Bg3 h5 12. h3 Nxg3 13. fxg3 Qd6 14. Kf2 O-O-O 15.
Re1 h4 16. g4 Be4 17. Nbd2 Qf4 18. Kg1 f5 19. gxf5 Bxf5 20. Nh2 Qd6 21. Bg4 e6
22. Qe2 Bg7 23. Bxf5 exf5 24. Qe6+ Qd7 25. Qg6 Rhg8 26. Qe6 g4 27. hxg4 fxg4 28.
Nb3 Bh8 29. Qxd7+ Rxd7 30. Re2 a5 31. Rae1 Kc7 32. Re8 Rdg7 {Game drawn by
mutual agreement} 1/2-1/2

[Event "Team 45 45 League T69"]
[Site "Internet Chess Club"]
[Date "2016.06.24"]
[Round "3"]
[White "PJ"]
[Black "Hal2001"]
[Result "1-0"]
[WhiteElo "1639"]
[BlackElo "1649"]
[Opening "Robatsch (modern) defense"]
[ECO "B06"]
[Time "08:33:33"]
[TimeControl "2700+45"]

1. e4 g6 2. d4 Bg7 3. Be3 c5 4. c3 cxd4 5. Bxd4 Nf6 6. f3 Nc6 7. Nd2 Nxd4 8.
cxd4 O-O 9. Nb3 d5 10. e5 Ne8 11. f4 f6 12. g3 fxe5 13. dxe5 b6 14. Nd4 a6 15.
Rc1 e6 16. Bh3 Nc7 17. Ngf3 Bh6 18. O-O Bd7 19. Qb3 Rb8 20. Nc6 Bxc6 21. Rxc6
Re8 22. Nd4 Kf7 23. Rfc1 Re7 24. Rxb6 Rxb6 25. Qxb6 Qc8 26. Nc6 Rd7 27. Na7 Qd8
28. Nc6 Qc8 29. Nd4 Qd8 30. Rxc7 Rxc7 31. Qxe6+ Kf8 32. Nc6 Rxc6 33. Qxc6 a5 34.
Kf2 d4 35. Qd6+ Qxd6 36. exd6 Bg7 37. Ke2 Bf6 38. Kd3 h6 39. Be6 Ke8 40. a3 Kd8
41. b4 axb4 42. axb4 Bg7 43. b5 Bf8 44. Bf7 Bxd6 45. Kxd4 Bc7 46. Bxg6 Bb6+ 47.
Ke5 Bg1 48. h3 Bh2 49. g4 Kc7 50. Be8 Bg3 51. Ke4 Bh4 52. Kd5 Kb6 53. Ke6 Bg3
54. f5 {Black resigns} 1-0

[Event "Team 45 45 League T69"]
[Site "Internet Chess Club"]
[Date "2016.06.26"]
[Round "3"]
[White "LarsenB"]
[Black "lacibacsi"]
[Result "0-1"]
[WhiteElo "1828"]
[BlackElo "2076"]
[Opening "Budapest: Alekhine, Abonyi variation"]
[ECO "A52"]
[Time "11:01:36"]
[TimeControl "2700+45"]

1. d4 Nf6 2. c4 e5 3. dxe5 Ng4 4. e4 Nxe5 5. f4 Nec6 6. Be3 Bb4+ 7. Nd2 Na6 8.
a3 Bc5 9. Bxc5 Nxc5 10. b4 Ne6 11. f5 Ned4 12. Ndf3 Qf6 13. Bd3 O-O 14. g4 Re8
15. g5 Qxf5 16. Kf2 Qf4 17. Nh3 Qxf3+ 18. Qxf3 Nxf3 19. Kxf3 Ne5+ 20. Ke3 d5 21.
cxd5 Bxh3 22. Raf1 Nxd3 23. Rf3 Bg2 24. Rhf1 Bxf1 25. Rxf1 Ne5 26. Rf5 Nc4+
{White resigns} 0-1

[Event "Team 45 45 League T69"]
[Site "Internet Chess Club"]
[Date "2016.06.27"]
[Round "3"]
[White "Tobiasdelmonte"]
[Black "backrankbrawler"]
[Result "1/2-1/2"]
[WhiteElo "1743"]
[BlackElo "1767"]
[Opening "Queen's pawn game"]
[ECO "E10"]
[Time "21:35:56"]
[TimeControl "2700+45"]

1. d4 Nf6 2. Nf3 e6 3. c4 d5 4. e3 Be7 5. Bd3 dxc4 6. Bxc4 a6 7. O-O O-O 8. Nc3
c5 9. a4 Nc6 10. Re1 b6 11. b3 Bb7 12. Bb2 cxd4 13. exd4 Bb4 14. Rc1 Ne7 15. Re3
Ned5 16. Nxd5 Nxd5 17. Re5 Bd6 18. Rh5 Nf4 19. Rh4 Bxf3 20. Qxf3 Qxh4 21. g3
Nh3+ 22. Kg2 Qh6 23. Qg4 Ng5 24. h4 f5 25. Qxg5 Qxg5 26. Bxe6+ Kh8 27. hxg5 f4
28. Rc6 Be7 29. g6 b5 30. d5 hxg6 31. d6 f3+ 32. Kh2 Bf6 33. Ba3 Rfd8 34. d7 Kh7
35. Bd6 g5 36. g4 Kg6 37. Kg3 Ra7 38. Kxf3 bxa4 39. bxa4 a5 40. Bf5+ Kf7 41. Bc5
Rb7 42. Bb6 Rdxd7 43. Bxd7 Rxd7 44. Bxa5 Rd4 45. Rc7+ Ke6 46. Rc5 Rxa4 47. Bd2
Ra3+ 48. Kg2 Ra4 49. Kg3 Ra3+ 50. Be3 Kf7 51. Kf3 Kg6 52. Rc6 Kf7 53. Ke2 Rb3
54. Rb6 Rxb6 55. Bxb6 Ke6 56. Kf3 Kd5 57. Bc7 Be5 58. Bd8 Bf4 59. Ke2 Kc4 60. f3
g6 61. Bf6 Bc1 62. Kd1 Bf4 63. Kc2 Be3 64. Bd8 Bf4 65. Bb6 Kb5 66. Ba7 Kc4 67.
Bf2 Be5 68. Kd2 Bf4+ 69. Be3 Kd5 70. Kd3 Bxe3 71. Kxe3 Ke5 72. Ke2 Ke6 73. Ke3
Ke5 74. Ke2 Ke6 75. Ke3 Ke5 76. Ke2 {Game drawn by repetition} 1/2-1/2

[Event "Team 45 45 League T69"]
[Site "Internet Chess Club"]
[Date "2016.06.26"]
[Round "3"]
[White "Yedixon"]
[Black "JPSVI"]
[Result "1-0"]
[WhiteElo "1702"]
[BlackElo "1483"]
[Opening "Alekhine's defense"]
[ECO "B02"]
[Time "20:00:39"]
[TimeControl "2700+45"]

1. e4 Nf6 2. f3 e5 3. Nc3 Bc5 4. Nge2 Nc6 5. a3 O-O 6. b4 Bb6 7. Na4 d5 8. Nxb6
axb6 9. Nc3 dxe4 10. fxe4 Qd4 11. Qf3 Bg4 12. Qf2 Rfe8 13. Bd3 Qxf2+ 14. Kxf2
Nd4 15. Re1 Bd7 16. h3 Rab8 17. Bb2 c5 18. Ne2 c4 19. Nxd4 exd4 20. e5 cxd3 21.
exf6 dxc2 22. Bxd4 Rxe1 23. Rxe1 Rc8 24. Rc1 Rc6 25. fxg7 f6 26. Bc3 Bf5 27. g4
Bg6 28. Ke3 Kxg7 29. g5 Kf7 30. Bxf6 h6 31. h4 hxg5 32. hxg5 Rc4 33. d3 Rc6 34.
Kd2 Rd6 35. Rxc2 Rxd3+ 36. Kc1 Rxa3 37. Rc7+ Ke6 38. Rxb7 Kd5 39. Rxb6 Rb3 40.
Kd2 Kc4 41. Be7 Rd3+ 42. Ke2 Be8 43. Rb8 Bh5+ 44. Kf2 Rf3+ 45. Kg2 Rf7 46. Rc8+
Kb5 47. Rb8+ Kc6 48. Bf6 Rb7 49. Rxb7 Kxb7 50. Kg3 Kb6 51. Kf4 Bg6 52. Be7 Kb5
53. Ke5 Kc6 54. Kf6 Be4 55. g6 Kd7 56. Bc5 Bd5 57. Kg7 Ke6 58. Kf8 Kd7 59. g7
Kc6 60. g8=Q Bxg8 61. Kxg8 Kb5 62. Kf8 Kc6 63. Ke7 Kb5 64. Kd7 Ka6 65. Kd6 Kb5
66. Kd5 Ka6 67. Kc4 Kb7 68. b5 Kb8 69. Kb4 Kb7 70. Ka5 Kb8 71. Bb4 Kb7 72. Bd2
Kb8 73. Kb6 Ka8 74. Kc7 Ka7 75. b6+ {Black resigns} 1-0

[Event "Team 45 45 League T69"]
[Site "Internet Chess Club"]
[Date "2016.06.27"]
[Round "3"]
[White "fireball"]
[Black "OzymandiasVII"]
[Result "0-1"]
[WhiteElo "1558"]
[BlackElo "1685"]
[Opening "Caro-Kann: exchange variation"]
[ECO "B13"]
[Time "19:37:12"]
[TimeControl "2700+45"]

1. e4 c6 2. d4 d5 3. exd5 cxd5 4. Nf3 Nc6 5. Bd3 Nf6 6. a3 Bg4 7. c3 e6 8. O-O
Bd6 9. Bg5 Qc7 10. h3 Bh5 11. Nbd2 O-O-O 12. b4 e5 13. dxe5 Nxe5 14. Be2 Kb8 15.
Qa4 Nxf3+ 16. Nxf3 Bf4 17. Bxf4 Qxf4 18. Rfd1 Rhe8 19. Rd4 Qc7 20. Qc2 Bg6 21.
Qb2 Nh5 22. Rad1 Nf4 23. Bb5 Re4 24. Qd2 a6 25. Bf1 Rxd4 26. Qxd4 Be4 27. Qxg7
Bxf3 28. gxf3 Rd6 29. Qe5 Rg6+ {White resigns} 0-1

[Event "Team 45 45 League T69"]
[Site "Internet Chess Club"]
[Date "2016.06.23"]
[Round "3"]
[White "fishhead"]
[Black "jerryicc"]
[Result "0-1"]
[WhiteElo "1728"]
[BlackElo "1856"]
[Opening "Ruy Lopez: 5.O-O"]
[ECO "C78"]
[Time "10:22:52"]
[TimeControl "2700+45"]

1. e4 e5 2. Nf3 Nc6 3. Bb5 a6 4. Ba4 Nf6 5. O-O b5 6. Bb3 Bc5 7. Nxe5 Nxe5 8. d4
Bxd4 9. Qxd4 d6 10. f4 Nc6 11. Qd3 Be6 12. Bd5 Nb4 13. Qc3 Nbxd5 14. exd5 Bxd5
15. Re1+ Kd7 16. Qg3 Kc8 17. Nc3 Bc6 18. Qxg7 Rg8 19. Qxf7 Rxg2+ 20. Kf1 Rxh2
21. Re7 Ng4 22. Qe6+ Kb8 23. Nd5 Bxd5 {White resigns} 0-1

[Event "Team 45 45 League T69"]
[Site "Internet Chess Club"]
[Date "2016.06.26"]
[Round "3"]
[White "origami77"]
[Black "room-matt"]
[Result "0-1"]
[WhiteElo "1681"]
[BlackElo "1827"]
[Opening "Ruy Lopez: Schliemann defense"]
[ECO "C63"]
[Time "00:15:56"]
[TimeControl "2700+45"]

1. e4 e5 2. Nf3 Nc6 3. Bb5 f5 4. exf5 e4 5. Qe2 Qe7 6. Bxc6 dxc6 7. Nd4 Qe5 8.
Nb3 Bd6 9. Nc3 Bxf5 10. Qh5+ g6 11. Qe2 Nf6 12. h3 O-O 13. g4 Be6 14. d3 exd3
15. Qxe5 Bxe5 16. cxd3 Rae8 17. O-O Nd5 18. Nxd5 Bxd5 19. d4 Bg7 20. Be3 Rf3 21.
Kh2 Kh8 22. Rg1 Bf8 23. Rge1 Bd6+ 24. Kg1 Rxh3 25. Kf1 Bf3 26. Bf4 Rh1# {White
checkmated} 0-1

[Event "Team 45 45 League T69"]
[Site "Internet Chess Club"]
[Date "2016.06.26"]
[Round "3"]
[White "anishio"]
[Black "zap2"]
[Result "0-1"]
[WhiteElo "1665"]
[BlackElo "1749"]
[Opening "Pirc defense"]
[ECO "B07"]
[Time "11:07:35"]
[TimeControl "2700+45"]

1. e4 d6 2. d4 Nf6 3. Nc3 e5 4. dxe5 dxe5 5. Qxd8+ Kxd8 6. Nf3 Bd6 7. Bc4 Ke8 8.
Ng5 Rf8 9. Be3 h6 10. Nf3 Ke7 11. O-O-O Ng4 12. Nd5+ Ke8 13. h3 Nxe3 14. Nxe3 a6
15. Bd5 Nc6 16. Bxc6+ bxc6 17. Nc4 f6 18. Nxd6+ cxd6 19. Rxd6 c5 20. Rc6 Bb7 21.
Rc7 Rf7 22. Rxc5 Bxe4 23. Rc3 Rd7 24. Re1 Bh7 25. Nd2 Rad8 26. Nc4 Ke7 27. Ra3
Rc7 28. Ne3 Rc6 29. Rd1 Rxd1+ 30. Kxd1 Ke6 31. Rb3 f5 32. c3 f4 33. Nc2 Rd6+ 34.
Kc1 Bd3 35. g3 Be2 36. Nb4 fxg3 37. fxg3 a5 38. a4 axb4 39. cxb4 Rd3 40. Rc3 Kd5
41. Rc5+ Kd4 42. g4 Rxh3 43. Rc7 e4 44. Rxg7 Ke3 45. g5 hxg5 46. Rxg5 Rh1+ 47.
Kc2 Bd1+ 48. Kc3 Bxa4 49. b3 Bd7 50. Re5 Kf3 51. Kd4 Rd1+ 52. Kc3 e3 53. Rf5+
Bxf5 {White resigns} 0-1

[Event "Team 45 45 League T69"]
[Site "Internet Chess Club"]
[Date "2016.06.23"]
[Round "3"]
[White "deancorso1"]
[Black "hood"]
[Result "1-0"]
[WhiteElo "1901"]
[BlackElo "1884"]
[Opening "Grünfeld: exchange variation"]
[ECO "D85"]
[Time "12:22:49"]
[TimeControl "2700+45"]

1. d4 Nf6 2. c4 g6 3. Nc3 d5 4. cxd5 Nxd5 5. e4 Nxc3 6. bxc3 Bg7 7. Qa4+ Nd7 8.
Nf3 O-O 9. Bg5 c5 10. Rc1 Re8 11. Bd3 Nb6 12. Qa3 cxd4 13. cxd4 Bxd4 14. Bb5 Bf6
15. Bxe8 Qxe8 16. Bxf6 exf6 17. O-O Bd7 18. Rfe1 Kg7 19. e5 f5 20. Rc7 Be6 21.
Nd4 Kg8 22. Nxe6 Qxe6 23. Qe7 Qxe7 24. Rxe7 Rb8 25. e6 fxe6 26. R1xe6 Rd8 27.
Re8+ Rxe8 28. Rxe8+ Kf7 29. Rb8 {Black resigns} 1-0

[Event "Team 45 45 League T69"]
[Site "Internet Chess Club"]
[Date "2016.06.27"]
[Round "3"]
[White "dp15"]
[Black "gaucholoco"]
[Result "1/2-1/2"]
[WhiteElo "2007"]
[BlackElo "1956"]
[Opening "Sicilian: Najdorf, Adams attack"]
[ECO "B90"]
[Time "17:00:30"]
[TimeControl "2700+45"]

1. e4 c5 2. Nf3 d6 3. d4 cxd4 4. Nxd4 Nf6 5. Nc3 a6 6. h3 e5 7. Nde2 Be6 8. g4
h6 9. Bg2 Be7 10. O-O Nbd7 11. Ng3 g6 12. Nd5 Bxd5 13. exd5 h5 14. g5 Nh7 15. h4
Rc8 16. Be3 Qc7 17. Re1 O-O 18. Be4 Nc5 19. Bxc5 Qxc5 20. Nxh5 f5 21. gxf6 Nxf6
22. Nxf6+ Rxf6 23. Re3 Rcf8 24. Qg4 R8f7 25. Qg3 Rxf2 26. Rae1 R2f4 27. Kh1
Rxh4+ 28. Kg2 Rhf4 29. R1e2 Bh4 30. Qh3 Qd4 31. Qe6 Rf6 32. Qc8+ Kg7 33. Qg4 g5
34. Rf3 Rxf3 35. Bxf3 Qxg4+ 36. Bxg4 Rf4 37. Bc8 {Game drawn by mutual
agreement} 1/2-1/2

[Event "Team 45 45 League T69"]
[Site "Internet Chess Club"]
[Date "2016.06.27"]
[Round "3"]
[White "ArturitoGalacti"]
[Black "joebobpop"]
[Result "1-0"]
[WhiteElo "1936"]
[BlackElo "1913"]
[Opening "English opening"]
[ECO "A15"]
[Time "17:01:12"]
[TimeControl "2700+45"]

1. c4 Nf6 2. Nf3 g6 3. Nc3 d5 4. cxd5 Nxd5 5. Qb3 Nxc3 6. Qxc3 Rg8 7. d4 Bg7 8.
Bf4 Nc6 9. e3 Bg4 10. Bb5 Bxf3 11. gxf3 Qd5 12. Bxc6+ Qxc6 13. Qxc6+ bxc6 14.
Bxc7 Rc8 15. Be5 Bxe5 16. dxe5 Rb8 17. b3 Kd7 18. Ke2 Ke6 19. f4 g5 20. Rac1
gxf4 21. exf4 Rb6 22. Rc4 Ra6 23. a4 Rb8 24. Rhc1 Rxb3 25. Rxc6+ Rxc6 26. Rxc6+
Kd7 27. Ra6 Rh3 28. Rxa7+ Ke6 29. a5 Rxh2 30. Ke3 Rh3+ 31. Ke4 f5+ 32. exf6 Kxf6
33. a6 Ra3 34. Ra8 h6 35. Kd5 h5 36. Kc6 Kg7 37. Kb7 h4 38. Re8 Kf6 39. a7 Rb3+
40. Kc6 Rc3+ 41. Kd5 Ra3 42. a8=Q Rxa8 43. Rxa8 h3 44. Rh8 {Black resigns} 1-0

[Event "Team 45 45 League T69"]
[Site "Internet Chess Club"]
[Date "2016.06.23"]
[Round "3"]
[White "soccerisfun"]
[Black "NashGames"]
[Result "0-1"]
[WhiteElo "1854"]
[BlackElo "2039"]
[Opening "two knights defense: Kieseritsky variation"]
[ECO "C58"]
[Time "20:00:14"]
[TimeControl "2700+45"]

1. e4 e5 2. Nf3 Nc6 3. Bc4 Nf6 4. Ng5 d5 5. exd5 Na5 6. d3 Bc5 7. Nc3 Nxc4 8.
dxc4 O-O 9. O-O Bg4 10. Qd3 Bd4 11. Nge4 Nxe4 12. Nxe4 Bf5 13. Be3 Bxe4 14. Qxe4
f5 15. Qd3 Bxb2 16. Rab1 e4 17. Qd2 Qf6 18. Bg5 Qe5 19. Bf4 Qf6 20. Bxc7 Bc3 21.
Qe2 b6 22. Rfd1 Rac8 23. d6 Bd4 24. Qd2 Bc5 25. Qd5+ Qf7 26. Qxf7+ Kxf7 27. d7
Rxc7 28. d8=Q Rxd8 29. Rxd8 Be7 30. Ra8 Ke6 31. Rb3 Ke5 32. Rb5+ Bc5 33. Rd8 g6
34. Kf1 g5 35. Ke2 Rc6 36. Rd7 a6 37. Rb1 h5 38. Rg7 Kf6 39. Rh7 Kg6 40. Ra7 a5
41. Rd1 h4 42. Rdd7 Bd6 43. g3 f4 44. gxh4 gxh4 45. f3 Kf5 46. Rd8 Be5 47. Rf8+
Bf6 48. Rd7 e3 49. Rd4 h3 50. a4 Kg5 51. Rg8+ Kf5 52. Rd5+ Ke6 53. Rg4 Rxc4 54.
Rd1 Rxc2+ 55. Kd3 Rc3+ 56. Ke2 Rc2+ 57. Kd3 Rxh2 58. Rxf4 Bg5 59. Re4+ Kf5 60.
Rb1 Rd2+ 61. Kc4 h2 62. Rb5+ Kg6 63. Rxb6+ Bf6 64. Rb1 e2 65. Rh1 Rd1 66. Rxh2
Rd4+ 67. Rxd4 e1=Q 68. Rg4+ Kf7 69. Rhg2 Qf1+ 70. Kc5 Qxf3 71. R2g3 Qf2+ 72. Kb5
Qf5+ 73. Ka6 Ke6 74. Re3+ Kd5 75. Rg8 Bd4 76. Rd8+ Kc5 {White resigns} 0-1

[Event "Team 45 45 League T69"]
[Site "Internet Chess Club"]
[Date "2016.07.02"]
[Round "3"]
[White "Jack-ONeill"]
[Black "junard"]
[Result "1-0"]
[WhiteElo "2046"]
[BlackElo "1911"]
[Opening "Queen's pawn game, Darooha variation "]
[ECO "D02"]
[Time "07:23:42"]
[TimeControl "2700+45"]

1. d4 d5 2. Nf3 Nf6 3. c4 c5 4. cxd5 Qxd5 5. Nc3 Qd8 6. e4 cxd4 7. Qxd4 Qxd4 8.
Nxd4 e6 9. Ndb5 Na6 10. Be3 b6 11. Be2 Bb7 12. f3 Be7 13. Kf2 O-O 14. Rhd1 Bc5
15. Nd6 Bxd6 16. Rxd6 Rfd8 17. Rxd8+ Rxd8 18. Nb5 Ra8 19. Nd6 {Black resigns}
1-0

[Event "Team 45 45 League T69"]
[Site "Internet Chess Club"]
[Date "2016.06.24"]
[Round "3"]
[White "jt2000"]
[Black "Ptzz"]
[Result "1-0"]
[WhiteElo "2027"]
[BlackElo "1966"]
[Opening "Caro-Kann: exchange variation"]
[ECO "B13"]
[Time "12:11:22"]
[TimeControl "2700+45"]

1. e4 c6 2. d4 d5 3. exd5 cxd5 4. Bd3 Nc6 5. c3 Qc7 6. Ne2 Bg4 7. f3 Bd7 8. Bf4
e5 9. dxe5 Nxe5 10. Bc2 Bd6 11. Ba4 Bc6 12. Nd4 Nxf3+ 13. Qxf3 Bxa4 14. Bxd6
Qxd6 15. O-O Nf6 16. Re1+ Ne4 17. Nd2 O-O 18. Nxe4 dxe4 19. Rxe4 Qb6 20. Qf2
Rae8 21. Rae1 Rxe4 22. Rxe4 Qg6 23. Nf5 Qa6 24. Rg4 Rd8 25. Rxg7+ Kh8 26. h3 Qf6
27. Rg3 Rd1+ 28. Kh2 Bd7 29. Qc5 Qd8 30. Nh6 Be6 31. Nxf7+ Bxf7 32. Qe5+ {Black
resigns} 1-0

[Event "Team 45 45 League T69"]
[Site "Internet Chess Club"]
[Date "2016.06.23"]
[Round "3"]
[White "Tobiasdelmonte"]
[Black "Capt-Morgan"]
[Result "0-1"]
[WhiteElo "1742"]
[BlackElo "1885"]
[Opening "King's Indian: London system"]
[ECO "A48"]
[Time "22:34:13"]
[TimeControl "2700+45"]

1. d4 Nf6 2. Nf3 g6 3. Bf4 Bg7 4. e3 d5 5. h3 O-O 6. Be2 c5 7. c3 Qb6 8. Qb3 Qa5
9. O-O Nc6 10. Na3 a6 11. Ne5 cxd4 12. cxd4 Ne4 13. Rfd1 Nd8 14. Rac1 Ne6 15.
Bh2 f6 16. Nf3 Kh8 17. Bd3 Nd6 18. Bb1 Rd8 19. Nd2 b6 20. Rc6 Rb8 21. Rdc1 Qxd2
22. Bxd6 exd6 23. R6c3 Nxd4 24. exd4 Qxd4 25. Rd3 Qf4 26. Rcd1 Be6 27. Rd4 Qg5
28. f4 Qh6 29. f5 Bf7 30. fxg6 hxg6 31. Qg3 Kg8 32. Rh4 Qg5 33. Rg4 Qe5 34. Qxe5
dxe5 35. Bxg6 Bxg6 36. Rxg6 Rbc8 37. Kf2 Kf7 38. Rg3 Bh6 39. Rc3 Ke6 40. g4 Bg5
41. Nb1 d4 42. Rb3 Rc2+ 43. Kg1 Rd6 44. Na3 Rcc6 45. Kg2 e4 46. Kg3 Ke5 47. h4
Bf4+ 48. Kg2 b5 49. h5 d3 50. Rb4 f5 51. gxf5 Kxf5 52. Rb3 Kg4 53. Rb4 Re6 54.
Rd4 Rc5 55. Rd8 Rxh5 56. Rg8+ Kf5 57. Rf8+ Ke5 58. Rg8 Rh2+ 59. Kg1 Reh6 60.
Re8+ Kd4 61. Rd8+ Ke3 62. Re1+ Kd2 63. Rxe4 Be3+ 64. Rxe3 Kxe3 65. Re8+ Kf3 66.
Rf8+ Ke2 67. Re8+ Kd1 68. b4 Rxa2 69. Nxb5 axb5 70. Re1+ Kd2 71. Rf1 Kc3 72.
Rc1+ Rc2 73. Rb1 Rf6 74. Kh1 d2 {White resigns} 0-1

[Event "Team 45 45 League T69"]
[Site "Internet Chess Club"]
[Date "2016.06.26"]
[Round "3"]
[White "laurenpar"]
[Black "Holzschlange"]
[Result "0-1"]
[WhiteElo "1925"]
[BlackElo "1830"]
[Opening "QGD: Tarrasch, von Hennig-Schara gambit"]
[ECO "D32"]
[Time "08:00:26"]
[TimeControl "2700+45"]

1. c4 e6 2. Nc3 d5 3. d4 c5 4. cxd5 cxd4 5. Qa4+ Bd7 6. Qxd4 exd5 7. Qxd5 Nc6 8.
Bg5 Nf6 9. Qd1 Qa5 10. Bxf6 gxf6 11. Qd4 Nxd4 {White resigns} 0-1

[Event "Team 45 45 League T69"]
[Site "Internet Chess Club"]
[Date "2016.06.23"]
[Round "3"]
[White "swagnik"]
[Black "gump12345"]
[Result "1/2-1/2"]
[WhiteElo "1869"]
[BlackElo "2024"]
[Opening "Giuoco Piano: four knights variation"]
[ECO "C50"]
[Time "19:21:31"]
[TimeControl "2700+45"]

1. e4 e5 2. Nf3 Nc6 3. Bc4 Bc5 4. Nc3 Nf6 5. O-O O-O 6. d3 h6 7. Qe2 d6 8. Be3
Bb6 9. h3 Nd4 10. Bxd4 exd4 11. Nb5 c5 12. Rfe1 a6 13. Na3 Ba5 14. Rf1 Re8 15.
Qd1 b5 16. Bb3 Bb7 17. Nb1 d5 18. exd5 Nxd5 19. Bxd5 Qxd5 20. Nbd2 Qh5 21. a4
Qg6 22. Nh4 Qe6 23. Nhf3 Qe2 24. Ne4 Qxd1 25. Rfxd1 Bxe4 26. dxe4 f6 27. axb5
axb5 28. Kf1 Kf7 29. Rd3 Bb4 30. Rxa8 Rxa8 31. Ke2 Ke6 32. g4 Ra1 33. Rb3 Ra4
34. c3 dxc3 35. bxc3 Ra3 36. Rxa3 Bxa3 37. Kd2 Kd6 38. Kc2 Ke6 39. Kd2 g6 40. h4
f5 41. exf5+ gxf5 42. g5 hxg5 43. hxg5 f4 44. Kc2 Kf5 45. Kb3 Bc1 46. c4 bxc4+
47. Kxc4 Ba3 48. Kc3 Bb4+ 49. Kc4 Kg6 50. Kd5 Kf5 51. Kc4 Ke6 52. Kd3 Kd5 53.
Kc2 c4 54. g6 Bf8 55. Kc3 Bg7+ 56. Kc2 Bf6 57. Nd2 c3 58. Nb1 Kc4 59. Na3+ Kb4
60. Nb1 Bg7 61. f3 Bf6 62. Nxc3 Bxc3 {Game drawn by mutual agreement} 1/2-1/2

[Event "Team 45 45 League T69"]
[Site "Internet Chess Club"]
[Date "2016.06.27"]
[Round "3"]
[White "xwang1"]
[Black "SlimeDog2"]
[Result "1-0"]
[WhiteElo "2125"]
[BlackElo "2022"]
[Opening "Ruy Lopez: Berlin defense, open variation"]
[ECO "C67"]
[Time "22:01:18"]
[TimeControl "2700+45"]

1. e4 e5 2. Nf3 Nc6 3. Bb5 Nf6 4. O-O Nxe4 5. d4 Nd6 6. Bxc6 dxc6 7. dxe5 Nf5 8.
Qxd8+ Kxd8 9. Nc3 Ke8 10. h3 h5 11. b3 Be7 12. Ne4 b6 13. Bb2 Be6 14. Neg5 Rd8
15. Rad1 Rh6 16. Nxe6 Rxe6 17. c4 a5 18. a4 c5 19. Rd5 c6 20. Rxd8+ Bxd8 21. Rd1
Bc7 22. g3 Re7 23. Kg2 Re6 24. Rd3 Ke7 25. Ng5 Rg6 26. Ne4 Nd4 27. f4 f5 28.
exf6+ gxf6 29. Bxd4 cxd4 30. f5 Rg8 31. Rxd4 Be5 32. Rd3 b5 33. cxb5 cxb5 34.
axb5 Rb8 35. Rd5 Rc8 36. Kf3 Rc1 37. b6 Rb1 38. Rb5 a4 39. bxa4 {Black resigns}
1-0

[Event "Team 45 45 League T69"]
[Site "Internet Chess Club"]
[Date "2016.06.23"]
[Round "3"]
[White "JefferyChess"]
[Black "SAC2001"]
[Result "1-0"]
[WhiteElo "1926"]
[BlackElo "1936"]
[Opening "Ruy Lopez: closed (10...c5)"]
[ECO "C96"]
[Time "22:45:44"]
[TimeControl "2700+45"]

1. e4 e5 2. Nf3 Nc6 3. Bb5 a6 4. Ba4 Nf6 5. O-O Be7 6. Re1 b5 7. Bb3 d6 8. c3
O-O 9. h3 Na5 10. Bc2 c5 11. d4 cxd4 12. cxd4 Qc7 13. Nc3 Bb7 14. d5 Nc4 15. Ne2
Rfc8 16. Bd3 Nb6 17. Ng3 h6 18. Be3 Na4 19. Rc1 Qa5 20. Nf5 Bf8 21. Re2 Nd7 22.
Rec2 Nac5 23. Ne1 b4 24. Qg4 Kh7 25. b3 Qd8 26. Qf3 Qf6 27. Qe2 Nxd3 28. Nxd3
Rxc2 29. Rxc2 Bxd5 30. Ng3 Be6 31. Nxb4 a5 32. Na6 Qd8 33. Nc7 Rc8 34. Nxe6 fxe6
35. Qd2 Rxc2 36. Qxc2 Be7 37. Qc6 Nb8 38. Qb5 Bh4 39. Nf1 Nd7 40. Nd2 Nf6 41.
Nf3 Nxe4 42. Qc6 Bxf2+ 43. Bxf2 Nxf2 44. Kxf2 Qf6 45. Qe4+ Kg8 46. Ke2 Kf7 47.
Qc6 Qd8 48. Qb7+ Kf6 49. Nh2 h5 50. g4 Qe8 51. Nf3 hxg4 52. hxg4 Qd8 53. a3 Qe8
54. Qb6 e4 55. Qd4+ Kf7 56. Ng5+ Kg6 57. Nxe4 Qb5+ 58. Kd2 Qxb3 59. Qxd6 Qc4 60.
Qd3 Qc6 61. Ke3 Qc1+ 62. Kf3 Qc6 63. Qd6 Qc4 64. Kf4 Qf1+ 65. Ke5 Qb5+ 66. Kxe6
Kh7 67. Qe7 Qe2 68. Qh4+ Kg8 69. Qd8+ Kh7 70. Qh4+ Kg8 71. g5 Qa2+ 72. Ke7 Qxa3+
73. Nd6 Qe3+ 74. Kd7 Qa7+ 75. Kc6 Qa6+ 76. Kc7 Qa7+ 77. Nb7 Qe3 78. Qc4+ Kh8 79.
Nd6 Qa7+ 80. Kc6 g6 81. Ne4 Kg7 82. Kb5 a4 83. Qc3+ {Black resigns} 1-0

[Event "Team 45 45 League T69"]
[Site "Internet Chess Club"]
[Date "2016.06.26"]
[Round "3"]
[White "chessfunblast"]
[Black "Gilligan"]
[Result "0-1"]
[WhiteElo "1869"]
[BlackElo "1964"]
[Opening "Ruy Lopez: modern Steinitz defense"]
[ECO "C75"]
[Time "22:00:20"]
[TimeControl "2700+45"]

1. e4 e5 2. Nf3 Nc6 3. Bb5 a6 4. Ba4 d6 5. c3 Bd7 6. O-O g6 7. d4 Bg7 8. Bg5
Nge7 9. Nbd2 O-O 10. d5 Nb8 11. Bc2 h6 12. Be3 f5 13. c4 f4 14. Bxf4 Rxf4 15. g3
Rf8 16. Nh4 g5 17. Ng2 Bh3 18. Qh5 Qd7 19. Bd1 a5 20. Re1 Bxg2 21. Kxg2 Na6 22.
Bg4 Qe8 23. Qh3 Qg6 24. Re3 Nc5 25. Bh5 Qh7 26. Nb3 Bf6 27. Nxc5 dxc5 28. Qe6+
Kh8 29. Rf3 Qg7 30. Rd1 Rad8 31. d6 Rxd6 32. Rxd6 cxd6 33. Qxd6 Nc6 34. Qxc5 Qe7
35. Qb6 Rd8 36. b3 Kg7 37. Qe3 Nd4 {White resigns} 0-1